 Dungeon Crawl Stone Soup version 0.20.1-1-g8b1a95d (webtiles) character file.

107 Inchmeat the Insei (level 4, -9/24 HPs)
             Began as a Vine Stalker Monk on Dec 14, 2017.
             Killed by divine providence
             ... invoked by an orc priest
              (11 damage)
             ... on level 3 of the Dungeon.
             The game lasted 00:03:41 (2983 turns).

Inchmeat the Insei (Vine Stalker Monk)              Turns: 2983, Time: 00:03:42

Health: -9/24      AC:  8    Str: 14    XL:     4   Next: 85%
Magic:  0/5        EV: 13    Int: 10    God:
Gold:   182        SH:  0    Dex: 17    Spells: 3/3 levels left

rFire    . . .     SeeInvis .     - Unarmed
rCold    . . .     Gourm    .   (no shield)
rNeg     . . .     Faith    .   n - +0 leather armour {rPois}
rPois    +         Spirit   +   (no helmet)
rElec    .         Reflect  .   i - +1 cloak
rCorr    .         Harm     .   (no gloves)
MR       .....                  l - +2 pair of boots
Stlth    ++........             (no amulet)
Regen    0.5/turn               (no ring)
MPRegen  0.1/turn               (no ring)

@: no status effects
A: fangs 2, regeneration 1, magic shield, antimagic bite, no potion heal 3, rot
immunity
a: no special abilities


You were on level 3 of the Dungeon.
You were not hungry.

You visited 1 branch of the dungeon, and saw 3 of its levels.

You collected 182 gold pieces.

Inventory:

Hand Weapons
 j - a +2 whip of venom
Armour
 i - a +1 cloak (worn)
 l - a +2 pair of boots (worn)
 n - a +0 leather armour of poison resistance (worn)
Wands
 k - a wand of lightning (7/15)
Scrolls
 a - a scroll of identify {@r1}
 f - a scroll of enchant armour
 m - a scroll of remove curse {@r2}
Potions
 d - 2 potions of berserk rage
 e - 3 potions of curing {unknown}
 g - 2 potions of mutation {unknown}
 h - a potion of ambrosia
 o - a potion of heal wounds {unknown}
 p - a potion of brilliance {unknown}
Books
 c - a book of Misfortune

   Spells                             Type                      Level
   a - Confusing Touch                Hexes                        1
   b - Confuse                        Hexes                        3
   c - Gell's Gravitas                Translocation                3
   d - Petrify                        Transmutation/Earth          4
   e - Metabolic Englaciation         Hexes/Ice                    5
   f - Yara's Violent Unravelling     Hexes/Transmutation          5
Comestibles
 b - a bread ration


   Skills:
 + Level 3.3 Fighting
 + Level 3.1 Dodging
 + Level 3.6 Stealth
 + Level 3.7 Unarmed Combat


You had 3 spell levels left.
You didn't know any spells.

Dungeon Overview and Level Annotations

Branches:
Dungeon (3/15)

Altars:
Qazlal


Innate Abilities, Weirdness & Mutations

You have extremely sharp teeth.
Your natural rate of healing is unusually fast.
When hurt, damage is shared between your health and your magic reserves.
Your bite disrupts and absorbs the magic of your enemies.
Potions cannot restore your health.
You are immune to rotting.


Message History

Tha orc priest calls upon Beogh ta heal tha orc warrior.
Tha orc warrior's wounds heal 'emselves!
Ye hit tha orc warrior but do nay damage.
Yer bite misses tha orc warrior.
Tha orc warrior hits ye wit' a hand axe!
Tha orc priest casts a cantrip, but nuthin' happens.
Ye hit tha orc warrior but do nay damage.
Tha orc warrior hits ye wit' a hand axe.
Ye hit tha orc warrior but do nay damage.
Ye hit tha orc warrior but do nay damage.
Ye bite tha orc warrior, but do nay damage.
Tha orc priest closely misses ye.
Tha orc warrior closely misses ye.
Ye closely miss tha orc warrior.
Tha orc priest hits ye.
Tha orc warrior hits ye wit' a hand axe!
* * * LOW HITPOINT WARNIN'
* * * Tha orc priest calls down tha wrath o' Beogh upon ye.
Ye struggle ta resist.
Tha orc priest mumbles some strange prayers ta Beogh against ye.
Beogh smites ye!
Ye die...

#####.#........# ######.#.#.###
#.#.######.# #......#......
#####.#.# #.#####......#......
......#.# ####....##...........).
......#.# #.......##......#.#.###
......#.# #.......##.....)..#.#
......#.###.......##......#.#.#
..........#.....####.....<#.#.###
................@.oo)............
#####.####.......................
#.# #......####......###.### #.#
#.###### ####.#.....#..
###.####.##### #.#...#.#.#
#......#.....##### #.#.#......
#......#.........# #.#.#.#.#.#
#......#.........# #.#.#.#.#..
#......#.........# #.#.#.#....


You could see an orc warrior and an orc priest.

Vanquished Creatures
  2 adders (D:3)
  An ooze (D:3)
  3 worms
  3 dart slugs
  A leopard gecko (D:3)
  5 orcs (D:3)
  5 bats
  A giant cockroach (D:2)
  6 hobgoblins
  6 jackals
  A quokka (D:3)
  6 frilled lizards
  4 goblins
  13 kobolds
  8 rats
65 creatures vanquished.

Notes
Turn   | Place    | Note
-------+----------+-------------------------------------------
     0 | D:1      | Inchmeat the Vine Stalker Monk began the quest for the Orb.
     0 | D:1      | Reached XP level 1. HP: 11/11 MP: 2/2
   359 | D:1      | Reached XP level 2. HP: 16/16 MP: 3/3
  1051 | D:2      | Found a faded altar of an unknown god.
  1062 | D:2      | Reached XP level 3. HP: 19/19 MP: 4/4
  2117 | D:3      | Gained mutation: Your natural rate of healing is unusually fast. [Vine Stalker growth]
  2117 | D:3      | Reached XP level 4. HP: 19/24 MP: 5/5
  2428 | D:3      | Found a stormy altar of Qazlal.
  2967 | D:3      | Noticed an orc warrior
  2980 | D:3      | HP: 1/24 [orc warrior/hand axe (11)]
  2983 | D:3      | Killed from afar by an orc priest

Skill      XL: |  1  2  3 |
---------------+----------+-----
Stealth        | 3 |  3.6
Fighting       | 3 |  3.3
Dodging        | 3 |  3.1
Unarmed Combat | |  3.7

Action                   |  1- 3 |  4- 6 || total
-------------------------+-------+-------++-------
Melee: Unarmed           |    93 |    96 ||   189
       Bite              |    30 |    31 ||    61
       Punch             |     3 |       ||     3
       Whip              |    26 |       ||    26
  Use: Scroll            |     5 |     1 ||     6
 Stab: Sleeping          |     7 |       ||     7
       Distracted        |       |     1 ||     1
  Eat: Chunk             |     1 |     1 ||     2
       Bread ration      |     1 |       ||     1
Armor: Robe              |     2 |       ||     2
       Ring mail         |    30 |    26 ||    56
       Leather armour    |       |    10 ||    10
Dodge: Dodged            |    85 |    62 ||   147
